 Dungeon Crawl Stone Soup version 0.28-a0-381-g937acc2988 (webtiles) character file.

Game seed: 11603958257633306345

112262 robertstho the Executioner (level 16, -31/146 HPs)
             Began as a Minotaur Fighter on Aug 31, 2021.
             Was the Champion of Okawaru.
             Annihilated by Agnes (35 damage)
             ... on level 1 of the Spider Nest on Sept 1, 2021.
             The game lasted 00:32:42 (24595 turns).

robertstho the Executioner (Minotaur Fighter)      Turns: 24595, Time: 00:32:43

Health: -31/146    AC: 33    Str: 26    XL:     16   Next: 11%
Magic:  7/24       EV:  6    Int:  5    God:    Okawaru [******]
Gold:   3372       SH: 19    Dex: 18    Spells: 15/15 levels left

rFire   + + .      SeeInvis .   a - +9 broad axe "Uzawkozai" {speed, rPois Dex+4}
rCold   . . .      Faith    .   c - +2 kite shield
rNeg    + . .      Spirit   .   V - +0 crystal plate armour
rPois   +          Reflect  +   R - +2 hat {Will+}
rElec   +          Harm     .   v - +0 cloak
rCorr   +          Rampage  .   U - +0 pair of gloves of a bailey {rElec rF+ Slay+2}
Will    ++...                   G - +1 pair of boots
Stlth   ..........              B - amulet of reflection
HPRegen 0.34/turn               m - +4 ring of protection
MPRegen 0.19/turn               P - ring of Kaizu {rF+ rN+ rCorr}

@: no status effects
A: horns 2, retaliatory headbutt, agile 1, evolution 1
a: Renounce Religion, Heroism, Finesse, Duel


You were on level 1 of the Spider Nest.
You worshipped Okawaru.
Okawaru was exalted by your worship.
You visited 5 branches of the dungeon, and saw 24 of its levels.
You also visited: Sewer and Ossuary.

You collected 3991 gold pieces.
You spent 619 gold pieces at shops.

Inventory:

Hand Weapons
 a - the +9 broad axe "Uzawkozai" (weapon) {speed, rPois Dex+4}
   (You acquired it on level 1 of the Orcish Mines)

   Attacks with this weapon are significantly faster.
   Dex:       It affects your dexterity (+4).
   rPois:     It protects you from poison.
 g - the +12 executioner's axe of Corruption {spect, Fly Dex+2}
   (You acquired it on level 6 of the Dungeon)

   When its wielder attacks, the weapon's spirit leaps out and strikes again.
   The spirit shares a part of any damage it takes with its wielder.
   Dex:       It affects your dexterity (+2).
   Fly:       It grants you flight.
Armour
 c - a +2 kite shield (worn)
 v - a +0 cloak (worn)
 G - a +1 pair of boots (worn)
 R - a +2 hat of willpower (worn)
 U - the +0 pair of gloves of a bailey (worn) {rElec rF+ Slay+2}
   (Okawaru gifted it to you on level 1 of the Lair of Beasts)

   Slay:      It affects your accuracy & damage with ranged weapons and melee
   (+2).
   rF:        It protects you from fire.
   rElec:     It insulates you from electricity.
 V - a +0 crystal plate armour (worn)
Jewellery
 m - a +4 ring of protection (left hand)
 q - a ring of willpower
 r - a +4 ring of protection
 y - an amulet of the acrobat
 B - an amulet of reflection (around neck)
 J - a ring of see invisible
 P - the ring of Kaizu (right hand) {rF+ rN+ rCorr}
   (You found it on level 1 of the Lair of Beasts)

   [ring of protection from fire]

   rF:        It protects you from fire.
   rN:        It protects you from negative energy.
   rCorr:     It protects you from acid and corrosion.
 Z - a ring of protection from fire
Wands
 x - a wand of iceblast (28)
 z - a wand of polymorph (20)
 L - a wand of mindburst (49)
 S - a wand of acid (8)
Scrolls
 b - 2 scrolls of holy word
 e - 7 scrolls of identify
 f - 5 scrolls of enchant armour
 h - 4 scrolls of enchant weapon
 i - 6 scrolls of torment
 n - 17 scrolls of teleportation
 p - 5 scrolls of immolation
 s - 6 scrolls of fog
 t - 3 scrolls of fear
 D - a scroll of brand weapon
 E - 5 scrolls of magic mapping
 N - 3 scrolls of blinking
Potions
 d - 2 potions of might
 j - 4 potions of heal wounds
 k - 2 potions of attraction
 l - 14 potions of curing
 o - 4 potions of haste
 w - 5 potions of resistance
 A - 2 potions of invisibility
 C - 2 potions of lignification
 F - a potion of brilliance
 I - 14 potions of ambrosia
 K - 4 potions of berserk rage
 M - a potion of mutation
 O - 3 potions of magic
Miscellaneous
 X - a condenser vane


   Skills:
 + Level 14.0 Fighting
 + Level 21.7 Axes
 + Level 12.6 Armour
 + Level 3.4 Dodging
 - Level 0.2 Stealth
 + Level 10.0 Shields
 * Level 12.4 Invocations


You had 15 spell levels left.
You didn't know any spells.
Your spell library contained the following spells:

 Spells                   Type           Power      Damage    Failure   Level
 Corona                   Hex            0%         N/A       100%        1
 Pain                     Necr           0%         1d4       100%        1
 Sting                    Tmut/Pois      0%         1d3       100%        1
 Ensorcelled Hibernation  Hex/Ice        0%         N/A       100%        2
 Poisonous Vapours        Pois/Air       0%         N/A       100%        2
 Conjure Flame            Conj/Fire      0%         6-21      100%        3
 Ignite Poison            Fire/Tmut/Pois 0%         N/A       100%        3
 Mephitic Cloud           Conj/Pois/Air  0%         N/A       100%        3
 Portal Projectile        Hex/Tloc       0%         N/A       100%        3
 Vampiric Draining        Necr           0%         2d6       100%        3
 Hailstorm                Conj/Ice       0%         3d3       100%        4
 Ice Form                 Ice/Tmut       0%         N/A       100%        4
 Leda's Liquefaction      Hex/Erth       0%         N/A       100%        4
 Olgreb's Toxic Radiance  Pois           0%         N/A       100%        4
 Sticky Flame             Conj/Fire      0%         2d3       100%        4
 Bolt of Magma            Conj/Fire/Erth 0%         4d4       100%        5
 Iskenderun's Battlesphe  Conj           0%         2d6       100%        5
 Conjure Ball Lightning   Conj/Air       0%         3x3d6     100%        6
 Iron Shot                Conj/Erth      0%         9d1       100%        6
 Discord                  Hex            0%         N/A       100%        8
 Disjunction              Tloc           0%         N/A       100%        8
 Animate Skeleton         Necr           Unusable   N/A       N/A         1
 Call Canine Familiar     Summ           Unusable   N/A       N/A         3
 Tukima's Dance           Hex            Unusable   N/A       N/A         3
 Simulacrum               Ice/Necr       Unusable   N/A       N/A         6
 Spellforged Servitor     Conj/Summ      Unusable   N/A       N/A         7

Dungeon Overview and Level Annotations

Branches:
Dungeon (14/15)            Temple (1/1) D:6            Lair (6/6) D:8
  Swamp (0/4) Lair:4       Spider (1/4) Lair:2        Slime (0/5) Lair:6
    Orc (2/2) D:9             Elf (0/3) Orc:2        Vaults (0/5) D:14
  Sewer (visited)         Ossuary (visited)

Altars:
Ashenzari
Cheibriados
Dithmenos
Elyvilon
Fedhas
Gozag
Hepliaklqana
Kikubaaqudgha
Makhleb
Nemelex Xobeh
Okawaru
Qazlal
Ru
Sif Muna
Trog
Uskayaw
Vehumet
Wu Jian
Xom
Yredelemnul
Zin
The Shining One
Beogh
Jiyva
Lugonu

Shops:
D:1 =   D:3 ?   Orc:2 *(!!:

Portals:
Pandemonium: Orc:2
Trove: D:10 (give 8 scrolls of blinking)

Annotations:
Spider:1 Agnes


Innate Abilities, Weirdness & Mutations

You have a pair of horns on your head.
You reflexively headbutt those who attack you in melee.
You are agile. (Dex +2)
You have hidden genetic potential.


Message History

The moth of wrath goads Agnes on!
Agnes goes berserk!
The moth of wrath goads the wolf spider on!
The wolf spider goes berserk!
The moth of wrath goads the redback on!
The redback goes berserk!
The moth of wrath goads the redback on!
The redback goes berserk!
The jumping spider leaps!
A jumping spider comes into view.
The redback bites you!
The jumping spider leaps!
A wolf spider comes into view.
The wolf spider hits you! You block the wolf spider's attack.
Agnes hits you but does no damage.
A redback comes into view.
The moth of wrath bites you but does no damage.
The jumping spider pounces on you but does no damage.
The jumping spider completely misses you.
The redback bites you.
As you read the scroll of fear, it crumbles to dust.
You assume a fearsome visage.
Agnes is unaffected.
The wolf spider is unaffected.
The redback is unaffected. x2
The jumping spider looks frightened!
The tarantella looks frightened!
The redback looks frightened!
The tarantella looks frightened!
The jumping spider looks frightened! x3
The jumping spider hisses angrily.
The redback looks frightened! x2; The tarantella looks frightened!
The moth of wrath looks frightened!
The wolf spider looks frightened! x3
The redback looks frightened!
The jumping spider looks frightened!
The tarantella looks frightened!
The jumping spider resists with some effort.
The redback looks frightened!
Agnes hits you with a +1 antimagic lajatang!!
* * * LOW HITPOINT WARNING * * *
You feel your power leaking away.
The redback bites you but does no damage.
The wolf spider hits you but does no damage.
You block the wolf spider's attack.
The jumping spider leaps! x2
A jumping spider comes into view.
You block Agnes's attack.
The jumping spider leaps!
The wolf spider hits you!!
* * * LOW HITPOINT WARNING * * *
You block the wolf spider's attack.
The jumping spider leaps!
Agnes hits you with a +1 antimagic lajatang!!
You die...

##.....s....?.s.
................
.............s.^
................
.....s..........
.......s.ys.....
.....sss........
#...ss.@°.......
......ssi.......
##.○..○.........
#........s......
##.....s.....^).
#≈####≈.....^...
# .........≈.
..........#.


You could see Agnes (berserk), 3 wolf spiders, a moth of wrath (fleeing), 2
jumping spiders, 3 tarantellas and 7 redbacks.

Vanquished Creatures
  Gastronok (D:12)
  An emperor scorpion (Arena)
  A stone giant (Orc:1)
  Nessos (D:13)
  3 ettins (Orc:1)
  A rakshasa (D:13)
  5 vault guards
  11 hydras
  3 boulder beetles
  An ogre mage (Orc:1)
  3 centaur warriors
  2 catoblepae (Lair:6)
  2 death knights
  7 two-headed ogres
  3 tengu warriors
  A deep troll shaman (Lair:6)
  Nergalle (D:10)
  10 death yaks
  8 orc high priests (Orc:2)
  11 skeletal warriors (D:14)
  2 infernal demonspawn (Orc:2)
  A gelid demonspawn (Orc:2)
  2 phantasmal warriors (D:13)
  4 orc knights (Orc:2)
  2 oklob plants (Lair:1)
  2 deep elf pyromancers
  A wolf spider (Lair:4)
  A manticore (Arena)
  6 orc sorcerers
  An ugly thing (D:14)
  14 cyclopes
  6 black mambas
  12 elephants
  2 rust devils (Orc:2)
  15 cane toads
  An unseen horror (D:11)
  4 rime drakes
  17 komodo dragons
  A torpor snail (Lair:4)
  A rime drake (shapeshifter) (D:13)
  A yaktaur (D:12)
  3 ice devils (Orc:2)
  2 tengu conjurers (D:13)
  2 freezing wraiths
  An efreet (D:14)
  4 polar bears
  3 trolls
  5 hornets
  A queen bee (Lair:3)
  13 blink frogs
  Sigmund (D:3)
  3 wyverns
  A spriggan (shapeshifter) (D:13)
  3 wraiths (D:14)
  4 basilisks
  37 yaks
  5 vampire mosquitoes
  9 wargs
  Edmund (D:5)
  16 water moccasins
  34 orc warriors
  6 black bears
  13 ogres
  2 ice beasts
  22 wolves
  9 centaurs
  A kobold brigand (D:8)
  14 bullfrogs
  3 scorpions
  2 water moccasin zombies (Ossuary)
  23 killer bees (Lair:3)
  4 wights (D:6)
  4 howler monkeys
  2 electric eels
  4 crimson imps
  5 centaur zombies
  A bullfrog zombie (D:6)
  A jelly (D:5)
  A centaur skeleton (D:6)
  A gnoll shaman (D:6)
  27 orc priests
  Crazy Yiuf (D:3)
  A hound (D:5)
  4 iguanas
  Terence (D:3)
  24 orc wizards
  A hound zombie (D:5)
  Robin (D:3)
  3 mummies
  12 gnolls
  3 howler monkey skeletons (D:6)
  15 adders
  An adder skeleton (D:4)
  4 adder zombies (Ossuary)
  3 worms (Sewer)
  A dart slug (D:2)
  97 orcs
  7 endoplasms
  9 giant cockroaches
  6 gnoll zombies (Ossuary)
  17 goblins
  8 hobgoblins
  5 jackals
  4 quokkas
  3 ball pythons
  12 bats
  3 frilled lizards
  7 hobgoblin zombies (Ossuary)
  12 kobolds
  3 kobold zombies (Ossuary)
  2 orc zombies (Ossuary)
  A rat (D:1)
  A fungus (Lair:6)
737 creatures vanquished.

Vanquished Creatures (others)
  An unseen horror (D:11)
  48 fungi
  79 plants
128 creatures vanquished.

Grand Total: 865 creatures vanquished

Notes
Turn   | Place    | Note
-------+----------+-------------------------------------------
     0 | D:1      | robertstho the Minotaur Fighter began the quest for the
                  | Orb.
     0 | D:1      | Reached XP level 1. HP: 19/19 MP: 0/0
    26 | D:1      | Reached XP level 2. HP: 22/27 MP: 1/1
   339 | D:1      | Found Xuewneps's Jewellery Shoppe.
   878 | D:2      | Reached XP level 3. HP: 33/33 MP: 2/2
  1147 | D:2      | Reached skill level 3 in Axes
  1283 | D:2      | Found a faded altar of an unknown god.
  1329 | D:2      | Reached XP level 4. HP: 39/40 MP: 3/3
  1723 | D:3      | Noticed Sigmund
  1750 | D:3      | Killed Sigmund
  1751 | D:3      | Reached skill level 4 in Axes
  1751 | D:3      | Reached skill level 5 in Armour
  1751 | D:3      | Reached skill level 5 in Shields
  1751 | D:3      | Reached XP level 5. HP: 23/47 MP: 4/4
  1990 | D:3      | Found Joerangu's Magic Scroll Emporium.
  1994 | D:3      | Bought a scroll of identify for 28 gold pieces
  1994 | D:3      | Bought a scroll of identify for 28 gold pieces
  1994 | D:3      | Bought a scroll of teleportation for 42 gold pieces
  1994 | D:3      | Bought a scroll of identify for 28 gold pieces
  2034 | D:3      | Noticed Terence
  2040 | D:3      | Killed Terence
  2041 | D:3      | Reached XP level 6. HP: 53/53 MP: 5/5
  2245 | D:3      | Found a glowing drain.
  2249 | Sewer    | Entered a sewer
  2904 | D:3      | Reached skill level 5 in Fighting
  2972 | D:3      | Noticed Robin
  2981 | D:3      | Reached skill level 5 in Axes
  2998 | D:3      | Killed Robin
  3191 | D:3      | Found a runed translucent door.
  3192 | D:3      | Noticed Crazy Yiuf
  3198 | D:3      | Killed Crazy Yiuf
  3375 | D:4      | Reached XP level 7. HP: 46/61 MP: 6/6
  3529 | D:4      | Reached skill level 6 in Axes
  3529 | D:4      | Reached skill level 1 in Dodging
  3630 | D:4      | Found a shimmering altar of Xom.
  4008 | D:5      | Entered Level 5 of the Dungeon
  4087 | D:5      | Reached skill level 7 in Axes
  4260 | D:5      | Reached XP level 8. HP: 70/70 MP: 7/7
  4327 | D:5      | Reached skill level 8 in Axes
  4379 | D:5      | Noticed Edmund
  4389 | D:5      | Killed Edmund
  5021 | D:6      | Reached skill level 9 in Axes
  5036 | D:6      | Found a staircase to the Ecumenical Temple.
  5047 | D:6      | Noticed a +0 dagger
  5047 | D:6      | Noticed a +0 hand axe
  5138 | Temple   | Entered the Ecumenical Temple
  5250 | Temple   | Became a worshipper of Warmaster Okawaru
  5299 | D:6      | Reached skill level 1 in Invocations
  5324 | D:6      | Identified 2 scrolls of acquirement
  5326 | D:6      | Acquired 1087 gold pieces
  5332 | D:6      | Acquired the +12 executioner's axe of Corruption {spect,
                  | Fly Dex+2}
  5379 | D:6      | Reached * piety under Okawaru
  5380 | D:6      | Reached XP level 9. HP: 73/78 MP: 7/9
  5486 | D:6      | Found a hide-covered altar of Uskayaw.
  5493 | D:6      | Found a glowing golden altar of the Shining One.
  5538 | D:6      | Reached skill level 10 in Axes
  5615 | D:6      | Found a snail-covered altar of Cheibriados.
  5662 | D:6      | Found an ornate altar of the Wu Jian Council.
  5745 | D:6      | Found a white marble altar of Elyvilon.
  5833 | D:6      | Found a shadowy altar of Dithmenos.
  6301 | D:7      | Noticed a two-headed ogre
  6304 | D:7      | Killed a two-headed ogre
  6304 | D:7      | Reached ** piety under Okawaru
  6305 | D:7      | Reached skill level 11 in Axes
  6322 | D:7      | Found a sand-covered staircase.
  6331 | Ossuary  | Entered an ossuary
  6705 | D:7      | Noticed a two-headed ogre
  6708 | D:7      | Killed a two-headed ogre
  6708 | D:7      | Reached *** piety under Okawaru
  6709 | D:7      | Reached XP level 10. HP: 79/88 MP: 12/12
  7105 | D:8      | Noticed a two-headed ogre
  7108 | D:8      | Reached skill level 12 in Axes
  7112 | D:8      | Killed a two-headed ogre
  7112 | D:8      | Reached **** piety under Okawaru
  7113 | D:8      | Reached skill level 5 in Invocations
  7650 | D:8      | Found a staircase to the Lair.
  7838 | D:9      | Reached skill level 13 in Axes
  7857 | D:9      | Found a staircase to the Orcish Mines.
  8019 | D:9      | Found a shimmering blue altar of Sif Muna.
  8038 | D:9      | Found a blossoming altar of Fedhas.
  8448 | D:9      | Found a sacrificial altar of Ru.
  8532 | D:10     | Entered Level 10 of the Dungeon
  8532 | D:10     | Noticed Nergalle
  8540 | D:10     | Noticed a spectral orc warlord
  8541 | D:10     | Killed Nergalle
  8541 | D:10     | Reached ***** piety under Okawaru
  8542 | D:10     | Reached XP level 11. HP: 62/95 MP: 14/14
  8684 | D:10     | Found a sparkling altar of Nemelex Xobeh.
  9007 | D:10     | Noticed a vault guard
  9012 | D:10     | Killed a vault guard
  9013 | D:10     | Reached skill level 14 in Axes
  9250 | D:10     | Found a portal to a secret trove of treasure.
  9413 | D:11     | Noticed a two-headed ogre
  9416 | D:11     | Killed a two-headed ogre
  9637 | D:11     | Noticed a two-headed ogre
  9640 | D:11     | Killed a two-headed ogre
  9640 | D:11     | Reached ****** piety under Okawaru
  9640 | D:11     | Identified the +1 cloak "Hogysm" {Str-2 Dex+5} (Okawaru
                  | gifted it to you on level 11 of the Dungeon)
  9640 | D:11     | Received a gift from Okawaru
  9741 | D:11     | Noticed a centaur warrior
  9744 | D:11     | Killed a centaur warrior
  9805 | D:11     | Found a glowing silver altar of Zin.
 10194 | D:12     | Noticed Gastronok
 10202 | D:12     | Killed Gastronok
 10203 | D:12     | Reached skill level 15 in Axes
 10381 | D:12     | Noticed a deep elf pyromancer
 10381 | D:12     | Noticed a tengu warrior
 10385 | D:12     | Killed a tengu warrior
 10386 | D:12     | Reached XP level 12. HP: 64/106 MP: 16/16
 10609 | D:12     | Noticed a two-headed ogre
 10612 | D:12     | Killed a two-headed ogre
 11234 | D:13     | Noticed a boulder beetle
 11237 | D:13     | Noticed Nessos
 11241 | D:13     | Noticed a two-headed ogre
 11243 | D:13     | Killed Nessos
 11243 | D:13     | Received a gift from Okawaru
 11244 | D:13     | Reached skill level 10 in Fighting
 11244 | D:13     | Killed a boulder beetle
 11247 | D:13     | Killed a two-headed ogre
 11248 | D:13     | Reached skill level 16 in Axes
 11364 | D:13     | Noticed a rakshasa
 11365 | D:13     | Noticed a six-headed hydra
 11370 | D:13     | Killed a seven-headed hydra
 11378 | D:13     | Killed a rakshasa
 11624 | D:13     | Noticed a death knight
 11645 | D:13     | Killed a death knight
 12067 | D:13     | Noticed a centaur warrior
 12074 | D:13     | Killed a centaur warrior
 12075 | D:13     | Reached skill level 10 in Armour
 12497 | Lair:1   | Entered Level 1 of the Lair of Beasts
 12543 | Lair:1   | Noticed an eight-headed hydra
 12547 | Lair:1   | Killed a ten-headed hydra
 12556 | Lair:1   | Identified the +0 pair of gloves of a bailey {rElec rF+
                  | Slay+2} (Okawaru gifted it to you on level 1 of the Lair of
                  | Beasts)
 12556 | Lair:1   | Received a gift from Okawaru
 12869 | Lair:1   | Reached XP level 13. HP: 104/115 MP: 18/18
 12872 | Lair:1   | Reached skill level 17 in Axes
 12987 | Lair:1   | Identified the +11 hunting sling of the Snake Pit {venom,
                  | Int+6 Dex+3 SInv}
 13243 | Lair:1   | Identified the ring of Kaizu {rF+ rN+ rCorr}
 13605 | Lair:2   | Found a hole to the Spider Nest.
 13851 | Lair:2   | You are sucked into a shaft and drop 1 floor!
 14668 | Lair:3   | Received a gift from Okawaru
 14857 | Lair:3   | Reached skill level 18 in Axes
 14972 | Lair:3   | Reached skill level 10 in Invocations
 15359 | Lair:4   | Found a staircase to the Swamp.
 16487 | Lair:5   | Reached XP level 14. HP: 99/125 MP: 20/20
 17411 | Lair:6   | Entered Level 6 of the Lair of Beasts
 17425 | Lair:6   | Reached skill level 19 in Axes
 17762 | Lair:6   | Received a gift from Okawaru
 17852 | Lair:6   | Found a viscous altar of Jiyva.
 17852 | Lair:6   | Found a staircase to the Slime Pits.
 18801 | Lair:6   | Received a gift from Okawaru
 19175 | Orc:1    | Entered Level 1 of the Orcish Mines
 19318 | Orc:1    | Reached skill level 20 in Axes
 19326 | Orc:1    | Reached XP level 15. HP: 101/134 MP: 22/22
 19740 | Orc:1    | Acquired the +9 broad axe "Uzawkozai" {speed, rPois Dex+4}
 19844 | Orc:1    | Received a gift from Okawaru
 20011 | Orc:1    | Identified the +5 chain mail of Circular Logic {Int+4
                  | Dex-3}
 20012 | Orc:1    | Identified the +7 quarterstaff of Girgh {venom, rF++ Dex+3}
 20026 | Orc:1    | Identified the +8 scimitar "Cah Cyuvon" {freeze, rPois}
 20029 | Orc:1    | Identified the +12 hand axe of the Hidden Vale {speed, rC-
                  | Str+3 Int+7}
 20031 | Orc:1    | Identified the +4 hand axe "Jyiquih" {drain, rElec}
 20082 | Orc:2    | Entered Level 2 of the Orcish Mines
 20456 | Orc:2    | Found a staircase to the Elven Halls.
 20466 | Orc:2    | Found Eradov's General Store.
 20467 | Orc:2    | Found Goelyegu's Distillery.
 20629 | Orc:2    | Bought a potion of curing for 51 gold pieces
 20629 | Orc:2    | Bought a potion of curing for 51 gold pieces
 20685 | Orc:2    | Found Catyeq's Distillery.
 20704 | Orc:2    | Bought a potion of heal wounds for 85 gold pieces
 20704 | Orc:2    | Bought 2 potions of heal wounds for 170 gold pieces
 20704 | Orc:2    | Bought a potion of invisibility for 136 gold pieces
 21619 | Orc:2    | Gained mutation: You are dopey. (Int -2) [a neqoxec]
 21628 | Orc:2    | Reached skill level 21 in Axes
 21632 | Orc:2    | Found Biqoinam's Antique Weapon Shoppe.
 21632 | Orc:2    | Found Xaetah's Book Emporium.
 21633 | Orc:2    | Found a one-way gate leading to the halls of Pandemonium.
 22174 | Orc:1    | Received a gift from Okawaru
 22915 | D:14     | Received a gift from Okawaru
 23034 | D:14     | Found a gate to the Vaults.
 23051 | Arena    | Entered the Arena
 23693 | D:14     | Upgraded the game from 0.28-a0-313-gbc0475efdd to
                  | 0.28-a0-381-g937acc2988
 23790 | D:14     | Reached XP level 16. HP: 54/145 MP: 24/24
 24067 | D:14     | Found a shimmering altar of Xom.
 24205 | D:14     | Reached skill level 10 in Shields
 24374 | D:14     | Lost mutation: You are dopey. (Int -2) [potion of mutation]
 24374 | D:14     | Gained mutation: You are clumsy. (Dex -2) [potion of
                  | mutation]
 24374 | D:14     | Lost mutation: You are clumsy. (Dex -2) [potion of
                  | mutation]
 24374 | D:14     | Gained mutation: You are agile. (Dex +2) [potion of
                  | mutation]
 24374 | D:14     | Gained mutation: You have hidden genetic potential. [potion
                  | of mutation]
 24550 | Spider:1 | Entered Level 1 of the Spider Nest
 24550 | Spider:1 | Noticed Agnes
 24555 | Arena    | Entered the Arena
 24595 | Spider:1 | HP: 4/146 [wolf spider (21)]
 24595 | Spider:1 | Annihilated by Agnes

Illustrated notes

Levels and vault maps discovered:
D:1:      sevenhm_arrival_forest_fort_large_4, layout_loops_cross, serial_shops,
          nicolae_square_shop
D:2:      minmay_inner_zag, layout_basic,
          dreamdust_ecumenical_altar_angels_and_demons
D:3:      layout_loops_ring, serial_shops, shop, gup_sewer_entry_bowl,
          minivault_26, uniq_sigmund, uniq_robin, uniq_terence,
          uniq_crazy_yiuf_cottage
D:4:      layout_cave_pools, mainiacjoe_overflow_chevrons
D:5:      layout_loops_ring, serial_park_tiny_pond, uniq_edmund
D:6:      minmay_recursive_quarters, layout_basic, nzn_wu_jian_council_hall,
          elyvilon_altar_3, dancing_weapons_uskayaw,
          mainiacjoe_overflow_brackets, lemuel_coloured_pillars_altar,
          kennysheep_mini_moat, minmay_temple_entry_stoned_glass
D:7:      layout_gridville, gup_ossuary_entry_pyramid
D:8:      layout_rooms, grunt_lair_entry_orc_guard_hut, serial_bayou_pond_b
D:9:      layout_basic, tgw_sif, fedhas_altar_2,
          mainiacjoe_overflow_tiny_flanked, david_orc_3
D:10:     layout_rooms, mainiacjoe_overflow_concentric_impassable,
          enter_trove_5, small_statue_alley_b, uniq_nergalle
D:11:     layout_rooms, zin_treasury
D:12:     layout_gridville, kennysheep_generic_room_14, uniq_gastronok
D:13:     layout_long_grid, uniq_nessos
D:14:     cheibrodos_tormentor_scu, layout_rooms,
          lightli_vaults_fourway_checkpoint, chequers_jeans, led_xom_imps
Temple:   kb_corrupted_temple
Lair:1:   layout_cave_pods, hangedman_lair_generics_rect,
          minmay_lair_oklob_chamber
Lair:2:   layout_loops_ring, dummy_spider_entry, grunt_megastairs_2,
          infiniplex_staircase_pool_2
Lair:3:   layout_roguey, special_room [special_room_bee], beast_lair_carwin_10,
          grunt_megastairs_5
Lair:4:   minmay_lair_venomous_thicket, layout_layer_cave, swamp_mist
Lair:5:   layout_small_grid, beast_lair_carwin_4
Lair:6:   grunt_lair_end_beastmaster, layout_big_grid, slime_altar_1,
          grunt_megastairs_1, infiniplex_staircase_pool
Spider:1: layout_spider_delve, drop_trap, uniq_rupert, uniq_agnes,
          uniq_josephine
Orc:1:    giant_chief_lemuel, layout_diamond_mine, nooodl_orcs_dogs
Orc:2:    pf_orc_diabolical, layout_caves, serial_shops, shop_fountains,
          minmay_orc_temple_a

Skill      XL: |  1  2  3  4  5  6  7  8  9 10 11 12 13 14 15 16 |
---------------+-------------------------------------------------+-----
Armour         | 4 5 6 7 8 9 10 11 12 | 12.6
Fighting       | 4 5 6 7 8 9 10 11 12 13 14 | 14.0
Shields        | 4 5 6 7 8 9 10 | 10.0
Axes           | 3 4 5 7 9 11 13 15 16 18 20 21 | 21.7
Dodging        | 1 2 3 |  3.4
Invocations    | 1 4 6 7 9 10 11 12 | 12.4
Stealth        | |  0.2

Action                   |  1- 3 |  4- 6 |  7- 9 | 10-12 | 13-15 | 16-18 || total
-------------------------+-------+-------+-------+-------+-------+-------++-------
Melee: War axe           |    89 |   170 |   142 |       |       |       ||   401
       Headbutt          |     7 |    22 |    31 |    50 |   128 |     9 ||   247
       Executioner's axe |       |       |    55 |   192 |   518 |    16 ||   781
       Broad axe         |       |       |       |       |       |    10 ||    10
Invok: Heroism           |       |       |       |     3 |       |       ||     3
       Duel              |       |       |       |       |     1 |     1 ||     2
  Use: Potion            |       |     4 |       |     1 |     3 |     1 ||     9
       Scroll            |       |     6 |     5 |     6 |    12 |     1 ||    30
 Stab: Distracted        |       |       |       |     4 |     6 |       ||    10
       Petrified         |       |       |       |       |     2 |       ||     2
Armor: Scale mail        |     1 |       |       |    36 |    65 |       ||   102
       Chain mail        |    70 |   132 |   101 |   100 |       |       ||   403
       Crystal plate arm |       |       |       |       |   246 |    30 ||   276
Dodge: Dodged            |    23 |    53 |    56 |    68 |   142 |    11 ||   353
Block: Kite shield       |    43 |    98 |    74 |       |       |    19 ||   234
       Other             |       |       |    15 |    57 |   111 |     5 ||   188
       Reflection        |       |       |     3 |     9 |     1 |       ||    13

Table legend: (Time is in decaauts)
 A = Elapsed time spent in this place.
 B = Non-inter-level travel time spent in this place.
 C = Inter-level travel time spent in this place.
 D = Time resting spent in this place.
 E = Time spent auto-exploring this place.
 F = Levels seen in this place.
 G = Mean time per level.
                   A        B        C        D        E       F      G
               +--------+--------+--------+--------+--------+-----+--------+
         Total |  25039 |  23614 |   1425 |   1659 |  18209 |  28 |  894.2 |
       Dungeon |  13569 |  12735 |    834 |    695 |  10032 |  14 |  969.2 |
        Temple |    130 |    103 |     27 |      0 |     86 |   1 |  130.0 |
          Lair |   6702 |   6434 |    268 |      0 |   5599 |   6 | 1117.0 |
   Spider Nest |      4 |      4 |      0 |      1 |      0 |   1 |    4.0 |
  Orcish Mines |   3630 |   3336 |    294 |    912 |   1920 |   2 | 1815.0 |
         Sewer |    799 |    799 |      0 |      0 |    493 |   1 |  799.0 |
       Ossuary |    136 |    136 |      0 |      0 |     78 |   1 |  136.0 |
         Arena |     66 |     66 |      0 |     50 |      0 |   2 |   33.0 |
               +--------+--------+--------+--------+--------+-----+--------+

Top non-repeatable levels by time:
   Orc:2: 2032 daAuts
  Lair:6: 1618 daAuts
   Orc:1: 1597 daAuts
    D:13: 1512 daAuts
  Lair:3: 1355 daAuts
  Lair:4: 1298 daAuts
    D:14: 1230 daAuts
    D:12: 1208 daAuts
     D:3: 1192 daAuts
  Lair:1: 1161 daAuts
     D:6: 1131 daAuts
     D:5: 1029 daAuts
  Lair:5: 990 daAuts
    D:10: 944 daAuts
     D:2: 883 daAuts
